 Dungeon Crawl Stone Soup version 0.21.1-1-g345015fe64 (webtiles) character file.

3504 Ivernyr the Vexing (level 10, -4/74 HPs)
             Began as a Gnoll Arcane Marksman on Mar 24, 2018.
             Was a Follower of Ashenzari.
             Shot with a sling bullet by Joseph (5 damage)
             ... on level 6 of the Dungeon.
             The game lasted 00:45:21 (11569 turns).

Ivernyr the Vexing (Gnoll Arcane Marksman)         Turns: 11569, Time: 00:45:21

Health: -4/74      AC:  9    Str: 13      XL:     10   Next: 7%
Magic:  17/18      EV: 14    Int: 15      God:    Ashenzari [*.....]
Gold:   313        SH:  0    Dex: 18 (19) Spells: 12/20 levels left

rFire    . . .     SeeInvis .   g - +0 halberd
rCold    + . .     Gourm    .   (shield currently unavailable)
rNeg     . . .     Faith    .   z - +0 ring mail {rC+}
rPois    .         Spirit   .   d - +0 helmet
rElec    .         Reflect  .   (no cloak)
rCorr    .         Harm     .   p - +0 pair of gloves
MR       .....                  h - +0 pair of boots
Stlth    ++........             (no amulet)
HPRegen  0.22/turn              (no ring)
MPRegen  0.16/turn              (no ring)

@: drained
A: distributed training, fangs 1, strong nose
a: Curse Item, Scrying, Renounce Religion


You were on level 6 of the Dungeon.
You worshipped Ashenzari.
Ashenzari was aware of your devotion.
You were not hungry.

You visited 1 branch of the dungeon, and saw 7 of its levels.

You collected 313 gold pieces.

Inventory:

Hand Weapons
 g - a +0 halberd (weapon)
 s - a +0 dagger of freezing
Missiles
 i - 51 poisoned needles
 j - 6 tomahawks (quivered)
Armour
 d - a +0 helmet (worn)
 h - a +0 pair of boots (worn)
 p - a +0 pair of gloves (worn)
 z - a +0 ring mail of cold resistance (worn)
Scrolls
 a - a scroll of enchant armour {unknown}
 k - 3 scrolls of remove curse
 q - 5 scrolls of enchant weapon
 u - 3 scrolls of blinking
 v - 4 scrolls of teleportation
 w - a scroll of immolation {unknown}
 y - a scroll of fear {unknown}
Potions
 e - 3 potions of cancellation
 l - a potion of curing
 m - a potion of agility
 o - 4 potions of lignification
 r - a potion of invisibility {unknown}
 t - a potion of brilliance {unknown}
 x - a potion of flight {unknown}
Books
 b - a book of Debilitation

   Spells                             Type                      Level
   a - Corona                         Hexes                        1
   b - Slow                           Hexes                        2
   c - Inner Flame                    Hexes/Fire                   3
   d - Portal Projectile              Hexes/Translocation          3
   e - Cause Fear                     Hexes                        4
   f - Leda's Liquefaction            Hexes/Earth                  4
Comestibles
 f - 9 rations


   Skills:
 + Level 5.5(4.3) Fighting
 + Level 4.8(3.7) Short Blades
 + Level 4.8(3.7) Long Blades
 + Level 4.8(3.7) Axes
 + Level 4.8(3.7) Maces & Flails
 + Level 4.8(3.7) Polearms
 + Level 4.8(3.7) Staves
 + Level 4.8(3.7) Slings
 + Level 4.8(3.7) Bows
 + Level 4.8(3.7) Crossbows
 + Level 6.7(5.5) Throwing
 + Level 4.8(3.7) Armour
 + Level 6.7(5.5) Dodging
 + Level 4.8(3.7) Stealth
 + Level 4.8(3.7) Shields
 + Level 4.8(3.7) Unarmed Combat
 + Level 5.6(4.5) Spellcasting
 + Level 4.0(2.9) Conjurations
 + Level 6.8(5.6) Hexes
 + Level 4.0(2.9) Charms
 + Level 4.0(2.9) Summonings
 + Level 4.0(2.9) Necromancy
 + Level 4.0(2.9) Translocations
 + Level 4.0(2.9) Transmutations
 + Level 4.0(2.9) Fire Magic
 + Level 4.0(2.9) Ice Magic
 + Level 4.0(2.9) Air Magic
 + Level 4.0(2.9) Earth Magic
 + Level 4.0(2.9) Poison Magic
 + Level 5.3(4.1) Invocations
 + Level 4.8(3.7) Evocations


You had 12 spell levels left.
You knew the following spells:

 Your Spells              Type           Power        Failure   Level  Hunger
a - Corona                Hex            ###....      3%          1    None
b - Portal Projectile     Hex/Tloc       ###...       19%         3    ###....
c - Cause Fear            Hex            ###.......   34%         4    ####...


Dungeon Overview and Level Annotations

Branches:
Dungeon (7/15)             Temple (0/1) D:6

Altars:
Ashenzari
Dithmenos
Fedhas
Hepliaklqana
Nemelex Xobeh
Ru
Trog
Wu Jian
Zin

Annotations:
D:3 BrokenGlass's ghost, amateur VSAs
D:6 Joseph
D:7 Duvessa


Innate Abilities, Weirdness & Mutations

Your experience applies equally to all skills.
You have very sharp teeth.
Your uncanny sense of smell can sniff out nearby items.


Message History

Joseph is moderately wounded.
Joseph hits you with an uncursed quarterstaff of draining!
You feel drained.
* * * LOW HITPOINT WARNING * * *
Unknown command.
Joseph hits you with an uncursed quarterstaff of draining!
* * * LOW HITPOINT WARNING * * *
You feel drained.
* * * LOW HITPOINT WARNING * * *
You climb upwards.
There is a stone staircase leading down here.
Unknown command.
Joseph unwields an uncursed quarterstaff of draining.
Joseph wields an uncursed hunting sling.
Joseph shoots a sling bullet.
The sling bullet hits you.
* * * LOW HITPOINT WARNING * * *
You see here a sling bullet.
Joseph shouts, "You will never get the ORB!"
Joseph shoots a sling bullet.
The sling bullet hits you.
You die...

#.# #.###.#.#.#####.####.##.
#.# #.##[................##.
#.# #.##......#####.###..##.
#.#####.....###.......###..##.
#..........## ##.......(......
#######....# #.#######......
####@## ##.# ####### #.(###.##
###.@.## #####


You could see Joseph.

Vanquished Creatures
  Pikel (D:4)
  Grinder (D:4)
  A hippogriff (D:6)
  Sigmund (D:5)
  A spriggan (D:7)
  A hungry ghost (D:6)
  A water moccasin (D:7)
  A sky beast (D:7)
  2 phantoms
  4 ogres
  Blork the orc (D:4)
  4 bullfrogs
  A water moccasin zombie (D:7)
  2 scorpions (D:5)
  Dowan (D:7)
  A howler monkey (D:7)
  3 crimson imps
  A quasit (D:7)
  2 bullfrog zombies
  6 orc priests
  2 hounds
  3 orc wizards
  A bullfrog skeleton (D:5)
  A centaur skeleton (D:6)
  An iguana (D:7)
  3 worker ants
  A hound skeleton (D:7)
  Robin (D:2)
  A howler monkey zombie (D:6)
  8 gnolls
  10 adders
  2 worms
  4 dart slugs
  8 leopard geckos
  17 orcs
  2 ball pythons (D:3)
  11 bats
  A giant cockroach (D:1)
  15 goblins
  9 hobgoblins
  17 jackals
  4 quokkas
  4 frilled lizards
  A giant cockroach zombie (D:5)
  8 kobolds
  A quokka skeleton (D:7)
  6 rats
178 creatures vanquished.

Vanquished Creatures (others)
  2 slaves (D:5)
  A sky beast (D:5)
  A howler monkey (D:5)
4 creatures vanquished.

Grand Total: 182 creatures vanquished

Notes
Turn   | Place    | Note
-------+----------+-------------------------------------------
     0 | D:1      | Ivernyr the Gnoll Arcane Marksman began the quest for the Orb.
     0 | D:1      | Reached XP level 1. HP: 17/17 MP: 4/4
   392 | D:1      | Reached XP level 2. HP: 12/23 MP: 3/5
   971 | D:1      | Reached XP level 3. HP: 16/28 MP: 7/7
  1618 | D:2      | Reached skill level 1 in Invocations
  1731 | D:2      | Noticed Robin
  2075 | D:2      | Killed Robin
  2075 | D:2      | Reached skill level 1 in Short Blades
  2075 | D:2      | Reached skill level 1 in Long Blades
  2075 | D:2      | Reached skill level 1 in Axes
  2075 | D:2      | Reached skill level 1 in Maces & Flails
  2075 | D:2      | Reached skill level 1 in Polearms
  2075 | D:2      | Reached skill level 1 in Staves
  2075 | D:2      | Reached skill level 1 in Slings
  2075 | D:2      | Reached skill level 1 in Bows
  2075 | D:2      | Reached skill level 1 in Crossbows
  2075 | D:2      | Reached skill level 1 in Armour
  2075 | D:2      | Reached skill level 1 in Stealth
  2075 | D:2      | Reached skill level 1 in Shields
  2075 | D:2      | Reached skill level 1 in Unarmed Combat
  2075 | D:2      | Reached skill level 1 in Evocations
  2075 | D:2      | Reached XP level 4. HP: 31/34 MP: 8/8
  2437 | D:2      | Found a bloodstained altar of Trog.
  2437 | D:2      | Found a sacrificial altar of Ru.
  2567 | D:2      | Reached skill level 1 in Conjurations
  2567 | D:2      | Reached skill level 1 in Charms
  2567 | D:2      | Reached skill level 1 in Summonings
  2567 | D:2      | Reached skill level 1 in Necromancy
  2567 | D:2      | Reached skill level 1 in Translocations
  2567 | D:2      | Reached skill level 1 in Transmutations
  2567 | D:2      | Reached skill level 1 in Fire Magic
  2567 | D:2      | Reached skill level 1 in Ice Magic
  2567 | D:2      | Reached skill level 1 in Air Magic
  2567 | D:2      | Reached skill level 1 in Earth Magic
  2567 | D:2      | Reached skill level 1 in Poison Magic
  2607 | D:2      | Found a blossoming altar of Fedhas.
  2923 | D:3      | Found a shattered altar of Ashenzari.
  2926 | D:3      | Found an ornate altar of the Wu Jian Council.
  2932 | D:3      | Reached XP level 5. HP: 40/40 MP: 9/9
  2946 | D:3      | Became a worshipper of Ashenzari the Shackled
  3819 | D:3      | Noticed BrokenGlass's ghost (amateur VSAs)
  4800 | D:4      | Noticed Grinder
  4813 | D:4      | Killed Grinder
  4813 | D:4      | Reached skill level 5 in Throwing
  4813 | D:4      | Reached skill level 5 in Dodging
  4813 | D:4      | Reached XP level 6. HP: 25/47 MP: 9/11
  4960 | D:4      | Learned a level 3 spell: Portal Projectile
  4965 | D:4      | Learned a level 4 spell: Cause Fear
  5037 | D:4      | Found a hazy altar of Hepliaklqana.
  5290 | D:4      | Noticed Blork the orc
  5302 | D:4      | Reached XP level 7. HP: 41/52 MP: 12/12
  5578 | D:4      | Killed Blork the orc
  6092 | D:5      | Entered Level 5 of the Dungeon
  6884 | D:5      | Noticed Sigmund
  6891 | D:5      | Noticed Pikel
  7105 | D:4      | Killed Pikel
  7105 | D:4      | Reached XP level 8. HP: 12/60 MP: 11/14
  7390 | D:5      | Killed Sigmund
  7473 | D:5      | Found a glowing silver altar of Zin.
  8582 | D:6      | Found a staircase to the Ecumenical Temple.
  8592 | D:6      | Found a sparkling altar of Nemelex Xobeh.
  8619 | D:6      | Reached XP level 9. HP: 65/66 MP: 16/16
  9491 | D:7      | Reached skill level 5 in Spellcasting
  9503 | D:7      | Reached * piety under Ashenzari
  9521 | D:7      | Noticed Joseph
  9614 | D:7      | Noticed Dowan
  9615 | D:7      | Noticed Duvessa
  9637 | D:6      | Reached skill level 5 in Fighting
  9874 | D:7      | Killed Dowan
 10064 | D:7      | HP: 3/68 [orc wizard/magic dart (10)]
 10853 | D:7      | Reached skill level 5 in Invocations
 11121 | D:7      | Found a shadowy altar of Dithmenos.
 11260 | D:7      | Reached XP level 10. HP: 74/74 MP: 16/18
 11565 | D:7      | HP: 3/74 [Joseph/uncursed quarterstaff of draining (2)]
 11567 | D:6      | HP: 1/74 [Joseph/sling bullet (3)]
 11569 | D:6      | Shot with a sling bullet by Joseph

Skill      XL: |  1  2  3  4  5  6  7  8  9 10 |
---------------+-------------------------------+-----
Invocations    | 1 2 3 4 5 |  5.3
Short Blades   | 1 2 3 4 |  4.8
Long Blades    | 1 2 3 4 |  4.8
Axes           | 1 2 3 4 |  4.8
Maces & Flails | 1 2 3 4 |  4.8
Polearms       | 1 2 3 4 |  4.8
Staves         | 1 2 3 4 |  4.8
Slings         | 1 2 3 4 |  4.8
Bows           | 1 2 3 4 |  4.8
Crossbows      | 1 2 3 4 |  4.8
Armour         | 1 2 3 4 |  4.8
Stealth        | 1 2 3 4 |  4.8
Shields        | 1 2 3 4 |  4.8
Unarmed Combat | 1 2 3 4 |  4.8
Evocations     | 1 2 3 4 |  4.8
Spellcasting   | 3 4 5 |  5.6
Conjurations   | 1 2 3 4 |  4.0
Charms         | 1 2 3 4 |  4.0
Summonings     | 1 2 3 4 |  4.0
Necromancy     | 1 2 3 4 |  4.0
Translocations | 1 2 3 4 |  4.0
Transmutations | 1 2 3 4 |  4.0
Fire Magic     | 1 2 3 4 |  4.0
Ice Magic      | 1 2 3 4 |  4.0
Air Magic      | 1 2 3 4 |  4.0
Earth Magic    | 1 2 3 4 |  4.0
Poison Magic   | 1 2 3 4 |  4.0
Fighting       | 3 4 5 |  5.5
Throwing       | 5 6 |  6.7
Dodging        | 5 6 |  6.7
Hexes          | 6 |  6.8

Action                   |  1- 3 |  4- 6 |  7- 9 | 10-12 || total
-------------------------+-------+-------+-------+-------++-------
Melee: Unarmed           |    27 |       |       |       ||    27
       Bite              |    11 |    21 |    43 |     1 ||    76
       Halberd           |    95 |   204 |   420 |    50 ||   769
       Dagger            |       |     5 |    11 |       ||    16
Throw: Throwing net      |       |       |     5 |       ||     5
       Javelin           |       |       |    10 |     4 ||    14
       Tomahawk          |       |       |     1 |       ||     1
 Cast: Corona            |    11 |    14 |    68 |    10 ||   103
  Use: Scroll            |       |     1 |     6 |       ||     7
       Potion            |       |       |     2 |       ||     2
 Stab: Sleeping          |       |     1 |       |       ||     1
  Eat: Chunk             |     4 |     9 |    14 |     2 ||    29
       Ration            |       |       |     2 |     2 ||     4
Armor: Robe              |    16 |    60 |    17 |       ||    93
       Ring mail         |       |       |   128 |    41 ||   169
       Skin              |       |       |     9 |       ||     9
Dodge: Dodged            |   119 |   234 |   433 |    68 ||   854
